 Dungeon Crawl Stone Soup version 0.17-a0-1840-g87820a2 (console) character file.

3978 Soultwo the Skirmisher (level 10, 0/79 HPs)
             Began as a Demonspawn Abyssal Knight on Sept 16, 2015.
             Was a High Priest of Lugonu.
             Succumbed to a killer bee's poison
             ... on level 8 of the Dungeon.
             The game lasted 01:35:39 (8781 turns).

Soultwo the Skirmisher (Demonspawn Abyssal Knight)  Turns: 8781, Time: 01:35:39

Health: 0/79       AC: 21    Str: 16    XL:     10   Next: 2%
Magic:  23/23      EV:  5    Int: 14    God:    Lugonu [*****.]
Gold:   164        SH: 10    Dex: 16    Spells: 0 memorised, 15 levels left

rFire  . . .     SeeInvis .     a - +2 falchion
rCold  . . .     Clarity  +     k - +1 plate armour
rNeg   . . .     SustAt   .     s - +0 shield
rPois  .         Gourm    .     (helmet restricted)
rElec  +         Spirit   .     e - +1 cloak
rCorr  .         Warding  .     q - +2 pair of gloves
rMut   .         Stasis   .     (no boots)
MR     .....                    (no amulet)
Stlth  ..........               b - ring of stealth
                                d - ring of magical power

@: lethally poisoned (0 -> -3), exhausted, not resistant to hostile
enchantments, extremely unstealthy
A: horns 1, yellow scales 1, agile 2, clarity, powered by pain 1, electricity
resistance, wild magic 1, rot immunity
a: Depart the Abyss, Bend Space, Banish, Corrupt, Enter the Abyss, Renounce
Religion


You were on level 8 of the Dungeon.
You worshipped Lugonu.
Lugonu was extremely pleased with you.
You were hungry.

You visited 2 branches of the dungeon, and saw 9 of its levels.
You visited the Abyss 1 time.
You also visited: Ossuary.

You collected 254 gold pieces.
You spent 90 gold pieces at shops.

Inventory:

Hand weapons
 a - a +2 falchion (weapon)
Armour
 e - a +1 cloak (worn)
 k - a +1 plate armour (worn)
 q - a +2 pair of gloves (worn)
 s - a +0 shield (worn)
Jewellery
 b - a ring of stealth (right hand)
 d - a ring of magical power (left hand)
 t - an uncursed ring of fire
Scrolls
 c - 3 scrolls of remove curse
 f - 4 scrolls of teleportation
 r - a scroll of identify
 v - a scroll of blinking
Potions
 m - 4 potions of flight
 u - a potion of agility
Books
 o - a book of Burglary

   Spells                             Type                      Level
   a - Swiftness                      Charms/Air                   2
   b - Passwall                       Transmutation/Earth          3
   c - Passage of Golubria            Translocation                4
   d - Lee's Rapid Deconstruction     Earth                        5
   e - Darkness                       Hexes                        6
   f - Invisibility                   Hexes                        6
 p - a book of Ice

   Spells                             Type                      Level
   a - Ice Form                       Ice/Transmutation            4
   b - Metabolic Englaciation         Hexes/Ice                    5
   c - Ozocubu's Refrigeration        Ice                          6
   d - Bolt of Cold                   Conjuration/Ice              6
   e - Freezing Cloud                 Conjuration/Ice/Air          6
   f - Simulacrum                     Ice/Necromancy               6
Comestibles
 g - 4 bread rations
 h - a fruit
 w - a royal jelly


   Skills:
 * Level 7.6 Fighting
 + Level 6.7 Long Blades
 + Level 3.0 Throwing
 + Level 6.6 Armour
 + Level 4.4 Dodging
 - Level 3.6 Stealth
 * Level 5.3 Shields
 + Level 3.1 Unarmed Combat
 + Level 3.1 Spellcasting
 + Level 5.6 Invocations


You had 15 spell levels left.
You didn't know any spells.

Dungeon Overview and Level Annotations

Branches:
Dungeon (8/15)             Temple (1/1) D:6
   Lair: D:8-11

Altars:
Ashenzari
Cheibriados
Dithmenos
Elyvilon
Fedhas
Gozag
Kikubaaqudgha
Makhleb
Nemelex Xobeh
Okawaru
Qazlal
Ru
Sif Muna
Trog
Vehumet
Xom
Yredelemnul
Zin
The Shining One

Shops:
D:4 !   D:6 *


Innate Abilities, Weirdness & Mutations

You have a pair of small horns on your head.
You are partially covered in yellow scales (AC +2).
You sometimes gain a little power by taking damage.
You are immune to rotting.
You are very agile. (Dex +4)
You possess an exceptional clarity of mind.
You are resistant to electric shocks.
Your spells are a little harder to cast, but a little more powerful.


Message History

* * * LOW HITPOINT WARNING * * *
You feel sick. The quokka completely misses you.
Items here: ))) [[ ÷ ††††† You slash the quokka!
You kill the quokka!
Lugonu accepts your kill.
You are no longer berserk.
You are exhausted.
You feel yourself slow down.
You are feeling hungry.
Your magical effects are unravelling.
You feel magically purged.
You feel yourself speed up.
* * * LOW HITPOINT WARNING * * *
You feel sick.
There is a lethal amount of poison in your body!
None of your equipped items are cursed.
Use which ability?
Okay, then.
You die...

######## ###### ##.......
#....###........
#....##.........
#########.....#.........
##......)#.....#..>......
#.......@))..............
#...#...##....#..........
#.##.#..###.###.)........
#.#......##.# ##.#.......
#.###.....#.# #.......##
#.#...#.#...# ##........
#.......##..#####.....#..
###########.....#........
#.###.#.....#..


There were no monsters in sight!

Vanquished Creatures
  Grinder (D:6)
  Sigmund (D:3)
  A hippogriff (D:7)
  2 orc warriors
  An ice beast (D:6)
  A sky beast (D:7)
  A phantom (D:8)
  A centaur (D:7)
  4 ogres
  4 giant frogs
  2 water moccasin zombies (Ossuary)
  2 scorpions
  10 killer bees (D:8)
  A giant frog zombie (D:8)
  A centaur zombie (D:5)
  4 crimson imps
  5 hounds
  An orc priest (D:8)
  An orc wizard (D:5)
  An iguana (D:4)
  A killer bee zombie (D:7)
  7 worker ants
  A big kobold zombie (Ossuary)
  2 hound skeletons
  2 mummies (Ossuary)
  Robin (D:4)
  10 adders
  13 gnolls
  A shadow imp (D:6)
  An ooze (D:4)
  2 adder skeletons
  5 adder zombies (Ossuary)
  3 worms
  A giant gecko (D:3)
  16 orcs
  6 giant cockroaches
  11 hobgoblins
  8 jackals
  6 kobolds
  3 quokkas
  A ball python (D:4)
  7 bats
  6 giant newts
  4 gnoll zombies (Ossuary)
  15 goblins
  8 hobgoblin zombies
  A jackal skeleton (D:6)
  A jackal zombie (D:5)
  6 kobold zombies (Ossuary)
  6 orc zombies (Ossuary)
  7 rats
207 creatures vanquished.

Notes
Turn   | Place    | Note
--------------------------------------------------------------
     0 | Abyss:1  | Soultwo the Demonspawn Abyssal Knight began the quest for the Orb.
     0 | Abyss:1  | Reached XP level 1. HP: 18/18 MP: 2/2
    28 | Abyss:1  | Found a corrupted altar of Lugonu.
    35 | D:1      | Escaped the Abyss
    65 | D:1      | You fall through a shaft!
   170 | D:2      | Reached skill level 1 in Dodging
   466 | D:1      | Gained mutation: You are partially covered in yellow scales (AC +2). [demonic ancestry]
   466 | D:1      | Reached XP level 2. HP: 14/24 MP: 3/3
  1115 | D:2      | Found a basalt altar of Yredelemnul.
  1264 | D:2      | Reached XP level 3. HP: 29/29 MP: 5/5
  1361 | D:2      | Acquired Lugonu's second power
  1734 | D:2      | Found an opulent altar of Gozag.
  2060 | D:2      | Found a blossoming altar of Fedhas.
  2411 | D:3      | Noticed Sigmund
  2418 | D:3      | Killed Sigmund
  2418 | D:3      | Reached skill level 4 in Fighting
  2418 | D:3      | Gained mutation: You sometimes gain a little power by taking damage. [demonic ancestry]
  2418 | D:3      | Reached XP level 4. HP: 29/37 MP: 6/6
  2418 | D:3      | Gained mutation: You have a pair of small horns on your head. [demonic ancestry]
  2418 | D:3      | Reached XP level 5. HP: 32/42 MP: 7/7
  3616 | D:4      | Noticed an ogre
  3626 | D:4      | Killed an ogre
  3626 | D:4      | Reached XP level 6. HP: 12/49 MP: 8/8
  3631 | D:4      | Got a steaming robe
  3786 | D:4      | Noticed an ogre
  3794 | D:4      | Killed an ogre
  4109 | D:4      | Found Ottuatoe's Distillery.
  4136 | D:4      | Noticed Robin
  4155 | D:4      | Killed Robin
  4156 | D:4      | Acquired Lugonu's third power
  4255 | D:4      | Bought 2 potions of flight for 60 gold pieces
  4255 | D:4      | Bought a potion of curing for 30 gold pieces
  4542 | D:4      | Reached XP level 7. HP: 51/55 MP: 9/9
  4840 | D:5      | Entered Level 5 of the Dungeon
  4884 | D:5      | Reached skill level 5 in Fighting
  5054 | D:5      | Acquired Lugonu's fourth power
  5228 | D:5      | Reached skill level 6 in Fighting
  5228 | D:5      | Reached skill level 5 in Long Blades
  5228 | D:5      | Reached skill level 5 in Armour
  5228 | D:5      | Reached skill level 5 in Invocations
  5228 | D:5      | Gained mutation: You are immune to rotting. [demonic ancestry]
  5228 | D:5      | Reached XP level 8. HP: 51/65 MP: 12/12
  5236 | D:5      | Found a sand-covered staircase.
  5253 | Ossuary  | Entered an ossuary
  5673 | Ossuary  | Gained mutation: You are resistant to electric shocks. [potion of mutation]
  5673 | Ossuary  | Gained mutation: Your spells are a little harder to cast, but a little more powerful. [potion of mutation]
  5673 | Ossuary  | Gained mutation: You possess an exceptional clarity of mind. [potion of mutation]
  5674 | Ossuary  | Gained mutation: You are agile. (Dex +2) [potion of beneficial mutation]
  5675 | Ossuary  | Gained mutation: You are very agile. (Dex +4) [potion of beneficial mutation]
  6048 | D:6      | Found a staircase to the Ecumenical Temple.
  6056 | Temple   | Entered the Ecumenical Temple
  6332 | D:6      | Noticed Grinder
  6332 | D:6      | Paralysed by Grinder for 3 turns
  6351 | D:6      | Paralysed by Grinder for 7 turns
  6375 | D:6      | Killed Grinder
  6375 | D:6      | Reached skill level 7 in Fighting
  6375 | D:6      | Reached XP level 9. HP: 51/72 MP: 13/13
  6658 | D:6      | Found an iron altar of Okawaru.
  6662 | D:6      | Found a white marble altar of Elyvilon.
  6717 | D:6      | Acquired Lugonu's fifth power
  6904 | D:6      | Found Lofal's Assorted Antiques.
  6930 | D:6      | Found a shattered altar of Ashenzari.
  7845 | D:7      | Found a stormy altar of Qazlal.
  8033 | D:7      | Found a snail-covered altar of Cheibriados.
  8094 | D:7      | Found a deep blue altar of Sif Muna.
  8739 | D:8      | Reached skill level 5 in Shields
  8773 | D:8      | Reached XP level 10. HP: 9/79 MP: 14/14
  8776 | D:8      | HP: 2/118 [killer bee (5)]
  8781 | D:8      | Succumbed to a killer bee's poison

Vault maps used:
D:1:      minmay_arrival_split_and_join, hex_large
D:2:      yredelemnul_altar_generic, nicolae_overflow_hidden_temple,
          lemuel_round_altar, first_bread, corexii_hall_statues_i
D:3:      uniq_sigmund
D:4:      serial_shops, nicolae_shop_competitors_out_of_business, uniq_robin
D:5:      enter_ossuary_3, hangedman_decor_riveting, hex_medium
D:6:      minitemple, kennysheep_little_box, minmay_temple_entry_hall,
          serial_shops, shop, uniq_grinder
D:7:      led_sif_book, nicolae_qazlal_style_of_elements, lemuel_doored_altar
D:8:      lair_0_dummy, david_nohive_1, minmay_misc_feat_square,
          corexii_checkpoint_b, uniq_prince_ribbit1
Temple:   chambers_temple_10
Abyss:1:  hangedman_abyss_or_decor_jellyfish_corner
Ossuary:  ossuary_tomb_2

Action                   |  1- 3 |  4- 6 |  7- 9 | 10-12 || total
-------------------------+-------+-------+-------+-------++-------
Melee: Falchion          |   106 |   154 |   612 |     5 ||   877
  Use: Scroll            |     5 |     4 |     9 |       ||    18
       Potion            |     6 |     1 |    14 |     1 ||    22
  Eat: Chunk             |     2 |     5 |     9 |       ||    16
       Bread ration      |     1 |       |       |       ||     1
       Meat ration       |       |       |     1 |       ||     1
       Fruit             |       |       |     1 |       ||     1
       Beef jerky        |       |       |     1 |       ||     1
